 Dungeon Crawl Stone Soup version 0.32-a0-898-g7811c86cf0 (webtiles) character file.

Game seed: 10162509182777936026

758 BubbleThief the Covert (level 7, -11/46 HPs)
             Began as a Vampire Enchanter on Apr 4, 2024.
             Killed by divine providence
             ... invoked by an orc priest
              (13 damage)
             ... on level 5 of the Dungeon.
             The game lasted 00:05:38 (3226 turns).

BubbleThief the Covert (Vampire Enchanter)          Turns: 3226, Time: 00:05:38

Health: -11/46     AC:  3    Str:  7    XL:     7   Next: 50%
Magic:  10/10      EV: 11    Int: 17    God:
Gold:   240        SH:  0    Dex: 17    Spells: 5/10 levels left

rFire   . . .        n - +5 dagger (drain)
rCold   . . .        (no shield)
rNeg    . . .        k - +0 robe {Will+}
rPois   .            (no helmet)
rElec   .            (no cloak)
rCorr   .            i - +0 pair of gloves
SInv    +            (no boots)
Will    +....        p - amulet of magic regeneration
Stlth   ++++         (no ring)
HPRegen 0.47/turn    (no ring)
MPRegen 0.52/turn

%: no passive effects
@: healing quickly
A: alive, fangs 3, see invisible, vampiric 2
a: Exsanguinate, Convert to Beogh


You were on level 5 of the Dungeon.
You visited 1 branch of the dungeon, and saw 5 of its levels.

You collected 240 gold pieces.

Inventory:

Hand Weapons
 f - a +0 dagger of venom
 n - a +5 dagger of draining (weapon)
Armour
 i - a +0 pair of gloves (worn)
 k - a +0 robe of willpower (worn)
Jewellery
 p - an amulet of magic regeneration (around neck)
Wands
 m - a wand of paralysis (8)
Scrolls
 a - 2 scrolls of noise {unknown}
 d - a scroll of vulnerability {unknown}
 h - 3 scrolls of amnesia {unknown}
 l - 2 scrolls of immolation {unknown}
 q - a scroll of enchant armour {unknown}
Potions
 b - a potion of enlightenment {unknown}
 c - 2 potions of invisibility
 e - 2 potions of curing {unknown}
 g - a potion of lignification {unknown}
 j - a potion of degeneration {unknown}
 o - a potion of brilliance {unknown}


   Skills:
 + Level 4.1 Short Blades
 - Level 2.1 Dodging
 * Level 9.4 Stealth
 - Level 2.0 Spellcasting
 * Level 8.8 Hexes


You had 5 spell levels left.
You knew the following spells:

 Your Spells              Type           Power      Damage    Failure   Level
a - Ensorcelled Hibernat  Hex/Ice        32%        N/A       4%          2
b - Confusing Touch       Hex            31%        N/A       1%          3

Your spell library contained the following spells:

 Spells                   Type           Power      Damage    Failure   Level
 Jinxbite                 Hex            62%        N/A       1%          2
 Tukima's Dance           Hex            31%        N/A       1%          3
 Dazzling Flash           Conj/Hex       32%        N/A       10%         3
 Apportation              Tloc           2%         N/A       19%         1
 Foxfire                  Conj/Fire      4%         2x1d4     19%         1
 Kiss of Death            Conj/Necr      4%         2d5       19%         1
 Necrotise                Necr           4%         1d4       19%         1
 Sting                    Conj/Alch      4%         1d3       19%         1
 Summon Small Mammal      Summ           4%         N/A       19%         1
 Call Imp                 Summ           2%         N/A       28%         2
 Sublimation of Blood     Necr           1%         N/A       28%         2
 Yara's Violent Unravell  Hex/Alch       8%         3d5       65%         5
 Dispel Undead            Necr           1%         3d6       88%         4
 Enfeeble                 Hex            15%        N/A       99%         7
 Plasma Beam              Fire/Air       0%         2x1d10    100%        6
 Starburst                Conj/Fire      0%         6d3       100%        6
 Summon Hydra             Summ           0%         N/A       100%        7


Dungeon Overview and Level Annotations

Branches:
Dungeon (5/15)
 Temple: D:4-7

Altars:
Ashenzari


Innate Abilities, Weirdness & Mutations

Your natural rate of healing is accelerated.
You have razor-sharp teeth.
You have supernaturally acute eyesight. (SInv)
You are afflicted with vampirism and can become a bat while bloodless.


Message History

The orc priest resists with some effort.
Unknown command.
Casting: Ensorcelled Hibernation (safe; 4% risk of failure)
Confirm with . or Enter, or press ? or * to list all spells.
Aiming: Ensorcelled Hibernation (safe; 4% risk of failure)
Press: ? - help, Shift-Dir - straight line, f/p - orc priest
Aim: an orc priest, wielding a +0 hand axe and wearing a +0 leather armour (chance to affect: 50%)
The orc priest looks drowsy...
Unknown command.
Unknown command.
The helpless orc priest fails to defend itself.
You stick the orc priest like a pincushion!!!
You kill the orc priest!
An orc comes into view. It is wielding a +0 dagger.
The orc priest invokes the aid of Beogh against you.
Beogh smites you!
The orc priest mumbles some strange prayers to Beogh against you.
Beogh smites you!
The orc shouts!
The orc priest shouts, "Surrender to Beogh and we'll let you live!" (press Y on the ability menu to convert to Beogh)
Things that are here:
a +0 hand axe; a +0 leather armour; an orc corpse You hear a shout!
Okay, then.
The orc priest calls down the wrath of Beogh upon you.
Beogh smites you!
* * * LOW HITPOINT WARNING * * *
Casting: Ensorcelled Hibernation (safe; 4% risk of failure)
Confirm with . or Enter, or press ? or * to list all spells.
Aiming: Ensorcelled Hibernation (safe; 4% risk of failure)
Press: ? - help, Shift-Dir - straight line, f - orc priest
Aim: an orc priest, wielding a +4 war axe and wearing a +0 scale mail (chance to affect: 50%)
Okay, then.
The orc priest mumbles some strange prayers to Beogh against you.
Beogh smites you!
* * * LOW HITPOINT WARNING * * *
The orc priest calls down the wrath of Beogh upon you.
Beogh smites you!
You die...

......######.........#
..........##.........#
..........##.........#
..........##.........#
..........##......<..#
..........+......#..##
.....#....########..#
.....#.....o.....#.†#
.....#.#'#######@#..###
.....#.#.#............#
.............#.#.##.###
####.............##.#
.............######.#
###............. ...
#..........### #..
#............ #..#
#..........### #..#


You could see an orc priest.

Vanquished Creatures
  Sigmund (D:3)
  2 ice beasts
  2 bombardier beetles
  A hound (D:4)
  An orc priest (D:5)
  Ijyb (D:4)
  2 iguanas (D:4)
  3 gnolls
  9 adders
  A white imp (D:4)
  A ribbon worm (D:2)
  3 dart slugs
  2 orcs (D:3)
  6 ball pythons
  5 bats
  6 endoplasms
  8 giant cockroaches
  12 goblins
  5 hobgoblins
  5 jackals
  3 quokkas (D:1)
  3 frilled lizards
  4 kobolds
  2 rats
88 creatures vanquished.

Notes
Turn   | Place    | Note
-------+----------+-------------------------------------------
     0 | D:1      | BubbleThief the Vampire Enchanter began the quest for the
                  | Orb.
     0 | D:1      | Reached XP level 1. HP: 13/13 MP: 3/3
   177 | D:1      | Reached XP level 2. HP: 19/19 MP: 5/5
   190 | D:1      | Learned a level 2 spell: Ensorcelled Hibernation
   354 | D:1      | Reached skill level 5 in Stealth
   370 | D:1      | Reached skill level 5 in Hexes
   719 | D:2      | Gained mutation: You are afflicted with vampirism and can
                  | become a bat while bloodless. [Vampire growth]
   719 | D:2      | Reached XP level 3. HP: 24/24 MP: 6/6
   723 | D:2      | Learned a level 3 spell: Confusing Touch
  1285 | D:2      | Reached XP level 4. HP: 30/30 MP: 7/7
  1358 | D:3      | Noticed Sigmund
  1509 | D:3      | Reached skill level 6 in Stealth
  1804 | D:3      | Reached XP level 5. HP: 25/35 MP: 3/8
  1908 | D:3      | Killed Sigmund
  1909 | D:3      | Reached skill level 7 in Stealth
  1909 | D:3      | Reached XP level 6. HP: 21/41 MP: 6/9
  2344 | D:4      | Noticed Ijyb
  2348 | D:4      | Killed Ijyb
  2349 | D:4      | Reached skill level 8 in Stealth
  2597 | D:4      | Noticed an ice beast
  2604 | D:4      | Killed an ice beast
  2605 | D:4      | Reached XP level 7. HP: 46/46 MP: 10/10
  3049 | D:4      | Found a broken altar of Ashenzari.
  3064 | D:4      | Reached skill level 9 in Stealth
  3139 | D:5      | Entered Level 5 of the Dungeon
  3225 | D:5      | HP: 2/46 [orc priest/divine providence (16)]
  3226 | D:5      | Killed from afar by an orc priest

Illustrated notes

Levels and vault maps discovered:
D:1:      minmay_arrival_loop, layout_loops_ring, corexii_hall_statues_l,
          minmay_surrounded
D:2:      layout_loops_ring, minmay_tetromino_t4
D:3:      minmay_angry_zag, layout_basic, minmay_misc_feat_columns, uniq_sigmund
D:4:      layout_gridville, jmf_multi_god_temple2, st_stairs_9, uniq_ijyb
D:5:      layout_basic, vehumet_altar_wand_db

Skill      XL: |  1  2  3  4  5  6  7 |
---------------+----------------------+-----
Stealth        | 5 6 7 8 9 |  9.4
Hexes          | 5 6 7 8 |  8.8
Short Blades   | 2 3 4 |  4.1
Dodging        | |  2.1
Spellcasting   | |  2.0

Action                     |  1- 3 |  4- 6 |  7- 9 || total
---------------------------+-------+-------+-------++-------
  Melee: Dagger            |    90 |   115 |    25 ||   230
         Bite              |     9 |    12 |     2 ||    23
   Cast: Ensorcelled Hiber |       |    10 |     3 ||    13
         Confusing Touch   |       |     1 |     1 ||     2
   Stab: Sleeping          |    10 |     9 |     7 ||    26
         Confused          |       |     1 |       ||     1
         Distracted        |       |     1 |       ||     1
 Armour: Robe              |    41 |    64 |     5 ||   110
  Dodge: Dodged            |    37 |    49 |     5 ||    91

Table legend: (Time is in decaauts)
 A = Elapsed time spent in this place.
 B = Non-inter-level travel time spent in this place.
 C = Inter-level travel time spent in this place.
 D = Time resting spent in this place.
 E = Time spent auto-exploring this place.
 F = Levels seen in this place.
 G = Mean time per level.
                   A        B        C        D        E       F      G
               +--------+--------+--------+--------+--------+-----+--------+
         Total |   3198 |   3060 |    138 |     73 |   2331 |   5 |  639.6 |
       Dungeon |   3198 |   3060 |    138 |     73 |   2331 |   5 |  639.6 |
               +--------+--------+--------+--------+--------+-----+--------+

Top non-repeatable levels by time:
     D:4: 829 daAuts
     D:3: 813 daAuts
     D:2: 768 daAuts
     D:1: 701 daAuts
     D:5: 84 daAuts
